 Dungeon Crawl Stone Soup version 0.26.0-45-g9c1d065592 (webtiles) character file.

Game seed: 10991001401980838930

2514 promet the Covert (level 9, -3/48 HPs)
             Began as a Vine Stalker Brigand on Jan 29, 2021.
             Was an Initiate of Dithmenos.
             Slain by a troll (5 damage)
             ... on level 7 of the Dungeon.
             The game lasted 00:59:52 (7672 turns).

promet the Covert (Vine Stalker Brigand)            Turns: 7672, Time: 00:59:52

Health: -3/48      AC:  5    Str: 16    XL:     9   Next: 53%
Magic:  0/10       EV: 14    Int: 18    God:    Dithmenos [......]
Gold:   418        SH:  0    Dex: 16    Spells: 5/8 levels left

rFire    + . .     SeeInvis .   z - +5 long sword
rCold    . . .     Faith    +   (no shield)
rNeg     . . .     Spirit   +   E - +0 robe (curse)
rPois    .         Reflect  .   (no helmet)
rElec    .         Harm     .   c - +0 cloak
rCorr    .         Rampage  .   k - +0 pair of gloves
Will     +....                  h - +0 pair of boots
Stlth    ++++......             v - amulet of faith
HPRegen  0.56/turn              j - +6 ring of intelligence
MPRegen  0.12/turn              (no ring)

@: no status effects
A: fangs 3, fire resistance 1, regeneration 1, magic shield, antimagic bite, no
potion heal 3
a: Renounce Religion


You were on level 7 of the Dungeon.
You worshipped Dithmenos.
Dithmenos was noncommittal.
You visited 2 branches of the dungeon, and saw 9 of its levels.

You collected 418 gold pieces.

Inventory:

Hand Weapons
 a - a +5 dagger
 b - a +0 hand crossbow
 u - a +0 hunting sling
 z - a +5 long sword (weapon)
 B - a +4 hand axe
 D - a +2 spear of freezing
 G - a +0 glaive
Missiles
 d - 24 poisoned darts (quivered)
 e - 2 curare-tipped darts
 g - 150 stones
 l - 17 arrows
 q - 2 throwing nets
 s - 76 sling bullets
 A - 9 bolts
Armour
 c - a +0 cloak (worn)
 h - a +0 pair of boots (worn)
 i - a +0 kite shield
 k - a +0 pair of gloves (worn)
 t - a +0 robe
 E - a cursed +0 robe (worn)
Jewellery
 j - a +6 ring of intelligence (left hand)
 v - an amulet of faith (around neck)
 x - an uncursed amulet of regeneration
 I - an uncursed amulet of magic regeneration
Wands
 w - a wand of flame (19)
 J - a wand of digging (5)
Scrolls
 f - 3 scrolls of fog
 o - 3 scrolls of remove curse
 r - a scroll of amnesia
 y - 2 scrolls of identify
 H - a scroll of teleportation
Potions
 m - 2 potions of resistance
 n - a potion of degeneration
 p - a potion of curing
 C - a potion of flight
 F - a potion of magic


   Skills:
 * Level 5.9 Fighting
 + Level 5.0(5.2) Short Blades
 + Level 2.1(3.8) Long Blades
 + Level 0.2 Polearms
 + Level 2.0(2.9) Slings
 + Level 3.6 Crossbows
 + Level 3.2(3.5) Throwing
 + Level 3.2 Dodging
 + Level 8.1 Stealth
 + Level 2.5 Shields


You had 5 spell levels left.
You knew the following spells:

 Your Spells              Type           Power        Failure   Level
a - Confusing Touch       Hex            0%           54%         3

Your spell library contained the following spells:

 Spells                   Type           Power        Failure   Level
 Gell's Gravitas          Tloc           0%           54%         3
 Petrify                  Tmut/Erth      0%           91%         4
 Metabolic Englaciation   Hex/Ice        0%           99%         5
 Yara's Violent Unravell  Hex/Tmut       0%           99%         5


Dungeon Overview and Level Annotations

Branches:
Dungeon (8/15)             Temple (1/1) D:7            Lair (0/6) D:8

Altars:
Ashenzari
Cheibriados
Dithmenos
Elyvilon
Fedhas
Gozag
Hepliaklqana
Kikubaaqudgha
Makhleb
Nemelex Xobeh
Okawaru
Qazlal
Ru
Sif Muna
Trog
Uskayaw
Vehumet
Wu Jian
Xom
Yredelemnul
Zin
The Shining One

Shops:
D:5 :


Innate Abilities, Weirdness & Mutations

You have razor-sharp teeth.
Your natural rate of healing is unusually fast.
When hurt, damage is shared between your health and your magic reserves.
Your bite disrupts and absorbs the magic of your enemies.
Potions cannot restore your health.
Your flesh is heat resistant. (rF+)


Message History

The troll barely misses you.
You riposte.
You slash the troll! Your bite misses the troll.
The troll is severely wounded.
The troll closely misses you. The troll claws you!
You hit the troll.
The troll is severely wounded.
The troll bites you but does no damage. The troll closely misses you.
The troll claws you!
* * * LOW HITPOINT WARNING * * *
You hit the troll.
The troll is almost dead.
The troll misses you.
You riposte.
You barely miss the troll. Your bite misses the troll.
The troll is almost dead.
The troll claws you!
* * * LOW HITPOINT WARNING * * *
The troll claws you!
* * * LOW HITPOINT WARNING * * *
The troll bites you.
You die...

..# #..........# #.....# ..#
#...##....## ##...#####
.######..####'## ##..##PPP#
.#....##'##^...# #...#P...P
...............# #...#..>..
.)[.)[.........# #...#.....
##.###...###'### ##.###.P.#
#######'###..############'#######
.#..............@..[......#......
.#.......[...>.T..........'......
.#........)...............#......
######...##..##..##..##...##.....
######...##..##..##..##...##.....
..........................#......
..........................#......
..........................#......
..........................#......


You could see a troll.

Vanquished Creatures
  A wyvern (D:7)
  Menkaure (D:4)
  Duvessa (D:7)
  2 ice beasts
  2 orc warriors (D:7)
  A sky beast (D:7)
  2 ogres (D:4)
  A bullfrog (D:6)
  Dowan (D:7)
  8 wights (D:7)
  2 howler monkeys
  A bullfrog zombie (D:6)
  2 centaur zombies
  A jelly (D:5)
  A hound (D:7)
  5 orc priests
  A bullfrog skeleton (D:4)
  2 centaur skeletons
  2 iguanas
  6 orc wizards
  8 worker ants
  2 hound zombies
  6 adders
  A white imp (D:4)
  An ooze (D:2)
  A worm (D:2)
  A dart slug (D:3)
  5 leopard geckos
  19 orcs
  A ball python (D:1)
  6 bats
  7 giant cockroaches
  3 goblins (D:2)
  7 hobgoblins
  6 jackals
  2 quokkas
  3 frilled lizards
  8 kobolds
  A leopard gecko zombie (D:5)
  A quokka skeleton (D:5)
  6 rats
138 creatures vanquished.

Vanquished Creatures (others)
  A jelly (D:8)
  An adder (D:8)
  An orc (D:8)
  5 plants (D:7)
8 creatures vanquished.

Grand Total: 146 creatures vanquished

Notes
Turn   | Place    | Note
-------+----------+-------------------------------------------
     0 | D:1      | promet the Vine Stalker Brigand began the quest for the
                  | Orb.
     0 | D:1      | Reached XP level 1. HP: 11/11 MP: 2/2
    83 | D:1      | Reached skill level 5 in Stealth
   247 | D:1      | Reached XP level 2. HP: 15/15 MP: 3/3
   959 | D:2      | Reached XP level 3. HP: 15/18 MP: 4/4
  1331 | D:2      | Reached skill level 6 in Stealth
  1760 | D:2      | Gained mutation: Your natural rate of healing is unusually
                  | fast. [Vine Stalker growth]
  1760 | D:2      | Reached XP level 4. HP: 23/23 MP: 5/5
  2032 | D:3      | Reached skill level 1 in Dodging
  2356 | D:3      | Reached XP level 5. HP: 22/27 MP: 4/6
  3021 | D:4      | Noticed an ogre
  3086 | D:4      | Noticed Menkaure
  3097 | D:4      | Killed Menkaure
  3098 | D:4      | Reached skill level 1 in Slings
  3098 | D:4      | Reached skill level 7 in Stealth
  3098 | D:4      | Reached XP level 6. HP: 32/32 MP: 7/7
  3271 | D:4      | Reached skill level 1 in Shields
  3390 | D:4      | Reached XP level 7. HP: 22/36 MP: 3/8
  4235 | D:5      | Entered Level 5 of the Dungeon
  4395 | D:5      | Gained mutation: You have razor-sharp teeth. [Vine Stalker
                  | growth]
  4395 | D:5      | Reached XP level 8. HP: 37/42 MP: 7/9
  4551 | D:5      | Found Ruum's Book Shop.
  5209 | D:6      | Gained mutation: You are clumsy. (Dex -2) [potion of
                  | mutation]
  5209 | D:6      | Lost mutation: You are clumsy. (Dex -2) [potion of
                  | mutation]
  5209 | D:6      | Gained mutation: Your flesh is heat resistant. (rF+)
                  | [potion of mutation]
  5310 | D:6      | Found a glowing silver altar of Zin.
  5331 | D:6      | Reached skill level 1 in Crossbows
  5601 | D:6      | Found a hide-covered altar of Uskayaw.
  5790 | D:7      | Reached skill level 5 in Fighting
  5802 | D:7      | Reached skill level 8 in Stealth
  5986 | D:7      | Reached XP level 9. HP: 43/45 MP: 10/10
  6124 | D:7      | Noticed Dowan
  6127 | D:7      | Noticed Duvessa
  6135 | D:7      | Killed Dowan
  6150 | D:7      | Killed Duvessa
  6151 | D:7      | Reached skill level 5 in Short Blades
  6151 | D:7      | Reached skill level 1 in Long Blades
  6996 | D:7      | Found a staircase to the Ecumenical Temple.
  7004 | Temple   | Entered the Ecumenical Temple
  7107 | Temple   | Became a worshipper of Dithmenos the Shadowed
  7348 | D:7      | Learned a level 3 spell: Confusing Touch
  7534 | D:8      | Noticed an elephant
  7536 | D:8      | Found a staircase to the Lair.
  7569 | D:7      | HP: 2/48 [wyvern (4)]
  7659 | D:8      | Noticed a troll
  7672 | D:7      | HP: 2/48 [troll (5)]
  7672 | D:7      | Slain by a troll

Illustrated notes

Levels and vault maps discovered:
D:1:      dpeg_arrival_three_same_balls, layout_basic
D:2:      layout_loops_ring
D:3:      layout_loops_ring, serial_glass, glass_columns_b, glass_columns_b,
          glass_columns_a, glass_columns_a
D:4:      layout_basic, uniq_menkaure
D:5:      layout_rooms, serial_shops, shop
D:6:      layout_cave_pools, lemuel_doored_altar, basic_altar
D:7:      layout_gridville, minmay_temple_entry_enclosed_plants, uniq_duvessa
D:8:      layout_cave_pools, david_lair_generic, serial_column_ruins,
          column_ruins_square_medium, column_ruins_hut,
          column_ruins_corridor_straight, column_ruins_corridor_corner,
          column_ruins_grid_4, column_ruins_open_tiny, lemuel_flamethrower_2,
          uniq_psyche
Temple:   compressed_dpeg_triangle_lava_temple

Skill      XL: |  1  2  3  4  5  6  7  8  9 |
---------------+----------------------------+-----
Stealth        | 5 6 7 8 |  8.1
Fighting       | 2 3 4 5 |  5.9
Short Blades   | 2 3 4 5 |  5.0
Dodging        | 1 2 3 |  3.2
Throwing       | 2 3 |  3.2
Slings         | 1 2 |  2.0
Shields        | 1 2 |  2.5
Crossbows      | 2 3 |  3.6
Long Blades    | 2 |  2.1
Polearms       | |  0.2

Action                   |  1- 3 |  4- 6 |  7- 9 || total
-------------------------+-------+-------+-------++-------
Melee: Dagger            |    91 |   129 |   198 ||   418
       Bite              |    13 |    28 |    88 ||   129
       Long sword        |       |       |    55 ||    55
       Glaive            |       |       |     5 ||     5
 Fire: Hunting sling     |     1 |    16 |     5 ||    22
       Hand crossbow     |       |       |    49 ||    49
Throw: Dart              |     5 |    19 |    21 ||    45
  Use: Scroll            |     7 |     1 |    12 ||    20
       Potion            |     5 |       |     5 ||    10
 Stab: Sleeping          |     9 |     9 |     9 ||    27
Armor: Robe              |    16 |    29 |    29 ||    74
Dodge: Dodged            |    40 |    41 |    98 ||   179
Block: Kite shield       |     9 |    31 |    81 ||   121
       Rpst.: Long sword |       |       |     6 ||     6
